 Dungeon Crawl Stone Soup version 0.23-a0-767-gdc19b93d68 (webtiles) character file.

3137 Hercules1031 the Cleaver (level 9, -4/81 HPs)
             Began as a Hill Orc Fighter on Jan 20, 2019.
             Was a Follower of Beogh.
             Succumbed to PeterQ's ghost's poison
             ... on level 7 of the Dungeon.
             The game lasted 00:16:36 (6051 turns).

Hercules1031 the Cleaver (Hill Orc Fighter)         Turns: 6051, Time: 00:16:36

Health: -4/81      AC: 18    Str: 24    XL:     9   Next: 92%
Magic:  9/9        EV:  7    Int: 15    God:    Beogh [*.....]
Gold:   244        SH: 11    Dex: 10    Spells: 8/8 levels left

rFire    . . .     SeeInvis .   a - +5 war axe
rCold    + + .     Gourm    .   c - +0 shield
rNeg     . . .     Faith    .   q - +0 plate armour
rPois    .         Spirit   .   t - +1 helmet
rElec    .         Reflect  .   u - +0 cloak of Elitism {rC+ Str+4} (curse)
rCorr    +         Harm     .   (no gloves)
MR       .....                  l - +0 pair of boots
Stlth    ..........             (no amulet)
HPRegen  0.23/turn              o - ring of flight
MPRegen  0.11/turn              r - ring of resist corrosion

@: brilliant, lethally poisoned (-4 -> -51)
A: clever 1, cold resistance 1, weak 1
a: Renounce Religion, Evoke Flight


You were on level 7 of the Dungeon.
You worshipped Beogh.
Beogh was aware of your devotion.
You were not hungry.

You visited 1 branch of the dungeon, and saw 7 of its levels.

You collected 244 gold pieces.

Inventory:

Hand Weapons
 a - a +5 war axe (weapon)
Armour
 c - a +0 shield (worn)
 l - a +0 pair of boots (worn)
 q - a +0 plate armour (worn)
 s - a +2 cloak of poison resistance
 t - a +1 helmet (worn)
 u - the cursed +0 cloak of Elitism (worn) {rC+ Str+4}
   (You found it on level 5 of the Dungeon)

   It affects your strength (+4).
   It protects you from cold.
   It has a curse placed upon it.
Jewellery
 b - an uncursed ring of stealth {unknown}
 j - an uncursed ring of poison resistance
 o - a ring of flight (left hand)
 r - a ring of resist corrosion (right hand)
Wands
 d - a wand of flame (14)
 e - a wand of digging (3)
 p - a wand of random effects (26)
Scrolls
 g - 2 scrolls of immolation
Potions
 i - a potion of flight
Comestibles
 f - 2 rations


   Skills:
 + Level 7.8 Fighting
 + Level 8.1 Axes
 + Level 7.2 Armour
 + Level 5.6 Dodging
 + Level 7.1 Shields


You had 8 spell levels left.
You didn't know any spells.
Your spell library was empty.

Dungeon Overview and Level Annotations

Branches:
Dungeon (7/15)
 Temple: D:4-7

Altars:
Gozag

Shops:
D:5 *

Annotations:
D:7 PeterQ's ghost, novice HOFi


Innate Abilities, Weirdness & Mutations

Your mind is acute. (Int +2)
Your flesh is cold resistant. (rC+)
You are weak. (Str -2)


Message History

It is a scroll of amnesia.
You feel forgetful for a moment.
* * * LOW HITPOINT WARNING * * *
You feel very sick. You block PeterQ's ghost's attack.
You hit PeterQ's ghost but do no damage.
PeterQ's ghost is heavily damaged.
* * * LOW HITPOINT WARNING * * *
You feel very sick.
PeterQ's ghost hits you but does no damage.
You are more poisoned.
You closely miss PeterQ's ghost.
PeterQ's ghost is heavily damaged.
* * * LOW HITPOINT WARNING * * *
You feel very sick.
PeterQ's ghost hits you but does no damage.
You are more poisoned.
You closely miss PeterQ's ghost.
PeterQ's ghost is heavily damaged.
You die...

#......##..#
#......##.##
.....<##)#
.....##)#
#######...#..#
#.(..(#...#†####...
#.(...#...#......#
#...(.'.>...######
#(....W@..#.#
#.)♣%.'.###.#
#(...$#.. ...
#.....#(......
########.......
..###### .## ..


You could see PeterQ's ghost.

Vanquished Creatures
  Pikel (D:6)
  The ghost of iamserjio the Ducker, a novice OpWn of Makhleb (D:6)
  Prince Ribbit (D:5)
  Grinder (D:3)
  2 hippogriffs (D:7)
  Sigmund (D:6)
  Duvessa (D:4)
  A slave (D:6)
  2 centaurs
  2 bullfrogs (D:6)
  2 scorpions (D:6)
  Dowan (D:4)
  A vampire bat (D:6)
  4 hounds
  A jelly (D:5)
  Crazy Yiuf (D:5)
  2 orc priests (D:7)
  An iguana (D:3)
  5 orc wizards
  3 worker ants
  Natasha (thrice) (D:3)
  2 hound skeletons
  A worker ant zombie (D:3)
  7 adders
  A shadow imp (D:6)
  2 oozes
  An adder zombie (D:6)
  2 adder skeletons
  7 worms
  3 dart slugs
  4 leopard geckos
  14 orcs
  A ball python (D:1)
  3 giant cockroaches
  8 goblins
  6 hobgoblins
  7 jackals
  9 kobolds
  A quokka (D:3)
  A ball python skeleton (D:4)
  17 bats
  4 frilled lizards
  3 jackal skeletons
  8 rats
149 creatures vanquished.

Vanquished Creatures (others)
  An orc priest (D:5)
  An orc (D:5)
2 creatures vanquished.

Grand Total: 151 creatures vanquished

Notes
Turn   | Place    | Note
-------+----------+-------------------------------------------
     0 | D:1      | Hercules1031 the Hill Orc Fighter began the quest for the
                  | Orb.
     0 | D:1      | Reached XP level 1. HP: 19/19 MP: 1/1
   131 | D:1      | Reached XP level 2. HP: 21/27 MP: 2/2
   375 | D:1      | Reached skill level 3 in Axes
   375 | D:1      | Reached skill level 1 in Dodging
   474 | D:1      | Reached XP level 3. HP: 20/33 MP: 3/3
  1084 | D:2      | Gained mutation: Scrolls take you a little longer to read.
                  | [potion of mutation]
  1084 | D:2      | Gained mutation: You expend magic power (3 MP) to
                  | strengthen your wands. [potion of mutation]
  1085 | D:2      | Lost mutation: Scrolls take you a little longer to read.
                  | [potion of mutation]
  1085 | D:2      | Lost mutation: You expend magic power (3 MP) to strengthen
                  | your wands. [potion of mutation]
  1085 | D:2      | Gained mutation: Your spells are a little harder to cast,
                  | but a little more powerful. [potion of mutation]
  1085 | D:2      | Gained mutation: You are weak. (Str -2) [potion of
                  | mutation]
  1085 | D:2      | Gained mutation: You have large cloven feet. [potion of
                  | mutation]
  1529 | D:2      | Reached XP level 4. HP: 35/40 MP: 4/4
  1979 | D:3      | Lost mutation: You are weak. (Str -2) [potion of mutation]
  1979 | D:3      | Lost mutation: You have large cloven feet. [potion of
                  | mutation]
  1979 | D:3      | Lost mutation: Your spells are a little harder to cast, but
                  | a little more powerful. [potion of mutation]
  1979 | D:3      | Gained mutation: You are weak. (Str -2) [potion of
                  | mutation]
  1979 | D:3      | Gained mutation: You are agile. (Dex +2) [potion of
                  | mutation]
  2072 | D:3      | Reached XP level 5. HP: 6/46 MP: 5/5
  2346 | D:3      | Noticed Grinder
  2354 | D:3      | Paralysed by Grinder for 3 turns
  2373 | D:3      | Killed Grinder
  2373 | D:3      | Reached skill level 4 in Axes
  2373 | D:3      | Reached XP level 6. HP: 10/55 MP: 6/6
  2827 | D:3      | Noticed Natasha
  2842 | D:3      | Killed Natasha
  2890 | D:3      | Noticed Natasha
  2898 | D:3      | Killed Natasha
  2917 | D:3      | Reached XP level 7. HP: 43/60 MP: 7/7
  3005 | D:3      | Noticed Natasha
  3009 | D:3      | Killed Natasha
  3009 | D:3      | Reached skill level 5 in Fighting
  3394 | D:4      | Noticed Dowan
  3401 | D:4      | Noticed Duvessa
  3408 | D:4      | Killed Dowan
  3416 | D:4      | Killed Duvessa
  3808 | D:5      | Entered Level 5 of the Dungeon
  3854 | D:5      | Found a runed door.
  3929 | D:5      | Noticed Crazy Yiuf
  3933 | D:5      | Killed Crazy Yiuf
  3933 | D:5      | Reached skill level 5 in Axes
  4041 | D:5      | Became a worshipper of Beogh the Brigand
  4083 | D:5      | Reached skill level 5 in Armour
  4171 | D:5      | Lost mutation: You are weak. (Str -2) [potion of mutation]
  4171 | D:5      | Lost mutation: You are agile. (Dex +2) [potion of mutation]
  4171 | D:5      | Gained mutation: You are weak. (Str -2) [potion of
                  | mutation]
  4171 | D:5      | Gained mutation: Your flesh is cold resistant. (rC+)
                  | [potion of mutation]
  4171 | D:5      | Gained mutation: Your mind is acute. (Int +2) [potion of
                  | mutation]
  4197 | D:5      | Noticed Prince Ribbit
  4209 | D:5      | Got a scorched cloak
  4215 | D:5      | Identified the cursed +0 cloak of Elitism {rC+ Str+4} (You
                  | found it on level 5 of the Dungeon)
  4446 | D:5      | Found an opulent altar of Gozag.
  4448 | D:5      | Found Gozag's Platinum Reserve.
  4661 | D:5      | Killed Prince Ribbit
  4661 | D:5      | Reached skill level 5 in Shields
  4661 | D:5      | Reached XP level 8. HP: 31/70 MP: 8/8
  4939 | D:6      | Noticed Sigmund
  4942 | D:6      | Noticed Pikel
  4951 | D:6      | Killed Sigmund
  4969 | D:6      | Killed Pikel
  4969 | D:6      | Reached skill level 6 in Axes
  4969 | D:6      | Reached XP level 9. HP: 74/78 MP: 9/9
  5351 | D:6      | Found a runed door.
  5353 | D:6      | Noticed iamserjio's ghost (novice OpWn)
  5397 | D:6      | Reached skill level 5 in Dodging
  5430 | D:6      | Reached skill level 7 in Axes
  5444 | D:6      | Killed iamserjio's ghost
  5496 | D:6      | Reached * piety under Beogh
  5856 | D:7      | Reached skill level 8 in Axes
  6025 | D:7      | Found a runed gate.
  6025 | D:7      | Found a runed gate.
  6025 | D:7      | Found a runed gate.
  6028 | D:7      | Noticed PeterQ's ghost (novice HOFi)
  6049 | D:7      | HP: 4/81 [poisoned by PeterQ's ghost]
  6050 | D:7      | HP: 1/81 [poisoned by PeterQ's ghost]
  6051 | D:7      | Succumbed to PeterQ's ghost's poison

Vault maps used:
D:1:      erik_arrival_triangle_small, minmay_pentomino_x4
D:2:      first_ration
D:3:      serial_undead, serial_undead_c, serial_undead_a, serial_undead_e,
          serial_undead_d, uniq_natasha, uniq_grinder
D:4:      wad_floor_pattern_2, uniq_duvessa
D:5:      wander_river, nicolae_gozag_zags_fifth_avenue,
          uniq_crazy_yiuf_cottage, uniq_prince_ribbit1
D:6:      ebering_ghost_sewer_d, roderic_batcave, serial_park_tiny_pond,
          uniq_pikel, uniq_sigmund
D:7:      yredelemnul_forgotten_temple_becter, temple_pool_b, serial_shops,
          shop, serial_glass, glass_columns_a, glass_columns_a, glass_columns_a,
          glass_columns_a, ebering_ghost_rock_garden

Skill      XL: |  1  2  3  4  5  6  7  8  9 |
---------------+----------------------------+-----
Axes           | 3 4 5 6 8 |  8.1
Dodging        | 1 2 3 4 5 |  5.6
Fighting       | 4 5 6 7 |  7.8
Armour         | 4 5 6 7 |  7.2
Shields        | 4 5 6 7 |  7.1

Action                   |  1- 3 |  4- 6 |  7- 9 || total
-------------------------+-------+-------+-------++-------
Melee: War axe           |   135 |   130 |   301 ||   566
       Kick              |     4 |     7 |       ||    11
Invok: Convert to Beogh  |       |       |     1 ||     1
  Use: Potion            |     4 |     3 |     5 ||    12
       Scroll            |       |    10 |     9 ||    19
  Eat: Ration            |     1 |     2 |     3 ||     6
Armor: Scale mail        |    98 |    22 |       ||   120
       Plate armour      |       |    49 |   188 ||   237
Dodge: Dodged            |    59 |    29 |    72 ||   160
Block: Shield            |    80 |    84 |   156 ||   320

Table legend:
 A = Non-vault XP
 B = Vault XP
 C = Vault XP percentage of total XP
 D = Non-vault monster count
 E = Vault monster count
 F = Vault count percentage of total count
                 A         B        C        D         E       F
            +---------+---------+-------+---------+---------+-------
      Total |    2006 |    2476 |  55.2 |     122 |      26 |  17.6
            +---------+---------+-------+---------+---------+-------
        D:1 |      31 |       6 |  16.2 |      17 |       4 |  19.0
        D:2 |      66 |       0 |   0.0 |      24 |       0 |   0.0
        D:3 |     202 |     347 |  63.2 |      28 |       6 |  17.6
        D:4 |     114 |     207 |  64.5 |       9 |       2 |  18.2
        D:5 |     155 |     333 |  68.2 |      10 |       2 |  16.7
        D:6 |     463 |    1583 |  77.4 |      16 |      12 |  42.9
        D:7 |     975 |       0 |   0.0 |      18 |       0 |   0.0
            +---------+---------+-------+---------+---------+-------
